 Dungeon Crawl Stone Soup version 0.19-a0-1740-g0bcaf2e (webtiles) character file.

133 Amnesiac the Cudgeler (level 5, -3/57 HPs)
             Began as an Ogre Chaos Knight on Oct 1, 2016.
             Killed by nerve-wracking pain
             ... invoked by Grinder
              (6 damage)
             ... on level 3 of the Dungeon.
             The game lasted 00:02:43 (2096 turns).

Amnesiac the Cudgeler (Ogre Chaos Knight)           Turns: 2096, Time: 00:02:44

Health: -3/57      AC:  7    Str: 17    XL:     5   Next: 16%
Magic:  5/5        EV: 10    Int: 11    God:    Xom [.*....]
Gold:   75         SH:  0    Dex: 13    Spells: 0 memorised, 4 levels left

rFire  . . .     SeeInvis .     a - +0 mace (chaos)
rCold  . . .     Gourm    .     b - +2 robe
rNeg   . . .     Faith    .     (no shield)
rPois  .         Spirit   .     (helmet restricted)
rElec  .         Dismiss  .     r - +0 cloak (curse)
rCorr  .         Reflect  .     (gloves unavailable)
MR     .....     Harm     .     (boots unavailable)
Stlth  +.........               (no amulet)
                                m - +1 ring of protection
                                g - +3 ring of dexterity

@: no status effects
A: unfitting armour, tough skin 1
a: Renounce Religion


You were on level 3 of the Dungeon.
You worshipped Xom.
You were a plaything of Xom.
You were not hungry.

You visited 1 branch of the dungeon, and saw 3 of its levels.

You collected 75 gold pieces.

Inventory:

Hand Weapons
 a - a +0 mace of chaos (weapon)
Missiles
 d - a throwing net (quivered)
Armour
 b - a +2 robe (worn)
 r - a cursed +0 cloak (worn)
Jewellery
 g - a +3 ring of dexterity (left hand)
 m - a +1 ring of protection (right hand)
 o - an uncursed ring of protection from fire
Scrolls
 e - 3 scrolls of magic mapping {unknown}
 f - 3 scrolls of remove curse {unknown}
 h - 2 scrolls of identify {unknown}
 j - a scroll of noise {unknown}
 k - a scroll of immolation {unknown}
 n - a scroll of teleportation {unknown}
 p - 2 scrolls of enchant weapon {unknown}
 u - a scroll of fear {unknown}
Potions
 l - a potion of mutation {unknown}
 t - a potion of invisibility {unknown}
Comestibles
 c - a bread ration
 i - a meat ration
 q - a royal jelly


   Skills:
 + Level 5.2 Fighting
 * Level 5.8 Maces & Flails
 + Level 1.7 Throwing
 + Level 2.5 Dodging


You had 4 spell levels left.
You didn't know any spells.

Dungeon Overview and Level Annotations

Branches:
Dungeon (3/15)

Altars:

Annotations:
D:3 Grinder, Ijyb


Innate Abilities, Weirdness & Mutations

You are too large for most types of armour.
You have tough skin. (AC +1)


Message History

Grinder closely misses you. Ijyb hits you with a dagger.
* * * LOW HITPOINT WARNING * * *
Unknown command.
Grinder hits you but does no damage.
Things that are here:
a short sword; 2 stones Grinder gestures at you.
You suddenly lose the ability to move!
Grinder gestures at you.
You shrug off the repeated paralysis!
Grinder hits you.
* * * LOW HITPOINT WARNING * * *
You can move again.
Unknown command.
Unknown command.
Unknown command.
Grinder gestures at you. Pain shoots through your body!
You die...
Xom roars with laughter!

# ####..
#####......
#..........
#.......... #####
###..........
#...###............
#....g5.@.<........
#...#####..........
##### #..........
#.......$..
#......<...
#..........
###########


You could see Grinder and Ijyb.

Vanquished Creatures
  8 adders
  3 dart slugs (D:1)
  2 leopard geckos (D:2)
  4 giant cockroaches
  3 goblins
  7 hobgoblins
  3 jackals (D:2)
  A quokka (D:2)
  8 bats
  5 frilled lizards
  8 kobolds
  6 rats
58 creatures vanquished.

Notes
Turn   | Place    | Note
-------+----------+-------------------------------------------
     0 | D:1      | Amnesiac the Ogre Chaos Knight began the quest for the Orb.
     0 | D:1      | Reached XP level 1. HP: 24/24 MP: 1/1
   194 | D:1      | Reached XP level 2. HP: 32/32 MP: 2/2
   352 | D:1      | XOM: harmless Tloc miscast
   517 | D:1      | XOM: harmless Divn miscast
   649 | D:1      | Reached XP level 3. HP: 39/39 MP: 3/3
   988 | D:2      | XOM: blink monster(s)
   991 | D:2      | Reached skill level 1 in Throwing
  1000 | D:2      | Reached skill level 5 in Maces & Flails
  1013 | D:2      | Reached XP level 4. HP: 36/49 MP: 4/4
  1237 | D:2      | XOM: 1-stop teleportation journey
  1329 | D:2      | XOM: summons 2 hostile demons
  1551 | D:2      | XOM: mild Chrm miscast
  1692 | D:2      | Reached skill level 5 in Fighting
  1754 | D:2      | Reached XP level 5. HP: 36/57 MP: 5/5
  1956 | D:2      | XOM: summons 2 hostile demons
  2036 | D:3      | XOM: noise
  2057 | D:3      | Noticed Grinder
  2061 | D:3      | Paralysed by Grinder for 7 turns
  2076 | D:3      | Noticed Ijyb
  2076 | D:3      | Paralysed by Grinder for 2 turns
  2081 | D:3      | HP: 1/57 [Grinder/nerve-wracking pain (10)]
  2087 | D:3      | XOM: potion effect (curing)
  2091 | D:3      | Paralysed by Grinder for 4 turns
  2096 | D:3      | Killed from afar by Grinder

Vault maps used:
D:1:      dpeg_arrival_three_bigger_balls, minmay_misc_feat_four_crosses
D:2:      kb_forest_paths
D:3:      nicolae_overflow_crystal_walls, uniq_grinder, uniq_iyjb

Skill      XL: |  1  2  3  4 |
---------------+-------------+-----
Throwing       | 1 |  1.7
Maces & Flails | 5 |  5.8
Fighting       | 5 |  5.2
Dodging        | |  2.5

Action                   |  1- 3 |  4- 6 || total
-------------------------+-------+-------++-------
Melee: Mace              |    76 |   125 ||   201
 Stab: Confused          |     1 |       ||     1
       Sleeping          |       |     2 ||     2
  Eat: Chunk             |       |     4 ||     4
Armor: Robe              |    35 |    80 ||   115
Dodge: Dodged            |    45 |    72 ||   117
